 Dungeon Crawl Stone Soup version 0.21.1-1-g345015f (webtiles) character file.

3061 inc the Nimble (level 9, -5/39 HPs)
             Began as a Felid Transmuter on Mar 6, 2018.
             Was a Follower of Uskayaw.
             Killed from afar by Psyche (12 damage)
             ... with a puff of flame
             ... on level 8 of the Dungeon.
             The game lasted 00:23:33 (9835 turns).

inc the Nimble (Felid Transmuter)                   Turns: 9835, Time: 00:23:33

Health: -5/39      AC:  2    Str:  6    XL:     9   Next: 57%
Magic:  16/17      EV: 28    Int: 17    God:    Uskayaw [*.....]
Gold:   475        SH:  0    Dex: 17    Spells: 11/12 levels left
                                        Lives:  0   Deaths: 2

rFire    . . .     SeeInvis +     - Unarmed
rCold    . . .     Gourm    .   (shield unavailable)
rNeg     . . .     Faith    +   (armour unavailable)
rPois    .         Spirit   .   (helmet unavailable)
rElec    .         Reflect  .   (cloak unavailable)
rCorr    .         Harm     .   (gloves unavailable)
MR       +....                  (boots unavailable)
Stlth    ++........             j - amulet of faith
HPRegen  0.13/turn              d - +2 ring of evasion
MPRegen  0.15/turn              i - +6 ring of slaying

@: appendage, quick
A: very small, no armour, no weapons or thrown items, stealth, claws 1, fangs 3,
horns 2, see invisible, carnivore, speed 1, shaggy fur 2, slow metabolism 1,
sharp paws
a: End Transformation, Stomp, Renounce Religion


You were on level 8 of the Dungeon.
You worshipped Uskayaw.
Uskayaw was aware of your devotion.
You were not hungry.
You had grown temporary horns.
You visited 2 branches of the dungeon, and saw 10 of its levels.
You also visited: Ossuary.

You collected 475 gold pieces.

Inventory:

Missiles
 a - 96 arrows
Jewellery
 d - a +2 ring of evasion (left paw)
 i - a +6 ring of slaying (right paw)
 j - an amulet of faith (around neck)
 m - an uncursed amulet of guardian spirit {unknown}
 v - an uncursed amulet of the gourmand
 x - an uncursed ring of see invisible
 H - an uncursed amulet of rage {unknown}
Wands
 k - a wand of iceblast (19)
 o - a wand of paralysis (13)
 A - a wand of polymorph (22)
Scrolls
 e - a scroll of enchant weapon {unknown}
 f - 2 scrolls of immolation
 l - a scroll of enchant armour
 p - 8 scrolls of remove curse
 r - 2 scrolls of amnesia {unknown}
 u - 4 scrolls of teleportation
 w - 2 scrolls of fog
 y - 2 scrolls of fear
 z - 2 scrolls of magic mapping
 D - 5 scrolls of random uselessness
 E - a scroll of noise
Potions
 g - 2 potions of brilliance
 h - 2 potions of lignification
 n - 9 potions of degeneration
 q - a potion of haste
 s - 3 potions of flight
 B - 2 potions of might
 C - a potion of mutation
 F - a potion of magic {unknown}
Books
 b - a book of Changes

   Spells                             Type                      Level
   a - Beastly Appendage              Transmutation                1
   b - Sticks to Snakes               Transmutation                2
   c - Spider Form                    Transmutation/Poison         3
   d - Ice Form                       Ice/Transmutation            4
   e - Blade Hands                    Transmutation                5
 t - a book of Conjurations

   Spells                             Type                      Level
   a - Magic Dart                     Conjuration                  1
   b - Searing Ray                    Conjuration                  2
   c - Dazzling Spray                 Conjuration/Hexes            3
   d - Fulminant Prism                Conjuration/Hexes            4
   e - Force Lance                    Conjuration/Translocation    4
   f - Iskenderun's Mystic Blast      Conjuration                  4
 G - a book of Death

   Spells                             Type                      Level
   a - Corpse Rot                     Necromancy                   2
   b - Sublimation of Blood           Necromancy                   2
   c - Agony                          Necromancy                   5
   d - Dispel Undead                  Necromancy                   5
   e - Excruciating Wounds            Charms/Necromancy            5
   f - Bolt of Draining               Conjuration/Necromancy       5
 J - a book of Flames

   Spells                             Type                      Level
   a - Flame Tongue                   Conjuration/Fire             1
   b - Throw Flame                    Conjuration/Fire             2
   c - Conjure Flame                  Conjuration/Fire             3
   d - Inner Flame                    Hexes/Fire                   3
   e - Sticky Flame                   Conjuration/Fire             4
   f - Fireball                       Conjuration/Fire             5
Comestibles
 c - 20 rations
 I - 2 chunks of flesh


   Skills:
 - Level 4.4 Fighting
 - Level 10.0 Dodging
 + Level 1.4 Stealth
 - Level 9.1 Unarmed Combat
 - Level 2.0 Spellcasting
 - Level 2.1 Transmutations
 - Level 9.8 Invocations


You had 11 spell levels left.
You knew the following spells:

 Your Spells              Type           Power        Failure   Level  Hunger
a - Beastly Appendage     Tmut           #.....       8%          1    #......


Dungeon Overview and Level Annotations

Branches:
Dungeon (9/15)             Temple (1/1) D:4
   Lair: D:8-11         Orc: D:9-12

Altars:
Ashenzari
Cheibriados
Dithmenos
Elyvilon
Fedhas
Gozag
Hepliaklqana
Kikubaaqudgha
Makhleb
Nemelex Xobeh
Okawaru
Qazlal
Ru
Sif Muna
Trog
Uskayaw
Vehumet
Wu Jian
Xom
Yredelemnul
Zin
The Shining One
Lugonu

Annotations:
D:8 Psyche
D:9 Gastronok


Innate Abilities, Weirdness & Mutations

You cannot wear armour.
You are incapable of wielding weapons or throwing items.
Your paws allow you to move quietly. (Stealth)
You have sharp claws.
You have razor-sharp teeth.
You have supernaturally acute eyesight. (SInv)
You are carnivorous and can eat meat at any time.
You cover ground quickly.
You are covered in thick fur. (AC +2)
You have a slow metabolism.
Your sharp claws are effective at attacking unaware monsters.
You have a pair of horns on your head.


Message History

Psyche seems to speed up.
Psyche gestures at you while chanting. The magic dart hits you!
Psyche completely misses you.
Casting: Beastly Appendage
Confirm with . or Enter, or press ? or * to list all spells.
You grow a pair of large bovine horns.
Psyche completely misses you.
Psyche points at you and mumbles some strange words.
The puff of frost hits you!
* * * LOW HITPOINT WARNING * * *
You scratch Psyche. You headbutt Psyche. Your bite misses Psyche.
Psyche is lightly wounded.
Psyche misses you.
Okay, then.
You claw Psyche!
Psyche is moderately wounded.
Psyche says, "Please, could you die a little faster?"
Psyche points at you and mumbles some strange words.
The puff of flame hits you!
You die...

..### ..# ..... #>#
.....##.# ........##
.....#...##
..........##########
...............#...#
........>.####.@...#
..........# ###@..#
##.##.....# #.<.#
##. #.....# ##...#
##..#.....# #....#
..#.......#####.####
#......[...##...#
#######.#.)##.###
#.#...#.##
#........###


You could see Psyche.

Vanquished Creatures
  4 ugly things
  The ghost of jazmu the Conjurer, a novice DsFE of Sif Muna (D:5)
  The ghost of Xelenos the Sneak, a novice OpCK of Xom (D:4)
  A troll (D:9)
  A wyvern (D:9)
  Menkaure (D:4)
  A sky beast (D:6)
  An orc warrior (D:6)
  4 ogres
  2 centaurs (D:8)
  A big kobold (D:8)
  A bullfrog (D:7)
  7 small abominations (D:7)
  7 scorpions
  A crimson imp (D:6)
  3 hounds
  A jelly (D:6)
  4 orc priests
  2 bullfrog skeletons
  5 orc wizards
  3 centaur skeletons
  2 human zombies (Ossuary)
  2 iguanas (D:7)
  6 worker ants
  A hound skeleton (D:6)
  5 mummies (Ossuary)
  A worker ant zombie (D:8)
  10 adders
  8 gnolls
  2 shadow imps
  An adder skeleton (D:4)
  3 worms
  3 dart slugs
  3 leopard geckos
  12 orcs
  12 bats
  7 giant cockroaches
  A gnoll zombie (Ossuary)
  11 goblins
  7 hobgoblins
  22 jackals
  A quokka (D:6)
  A ball python (D:4)
  A ball python skeleton (D:4)
  A giant cockroach zombie (D:6)
  2 hobgoblin zombies (Ossuary)
  16 kobolds
  3 kobold zombies (Ossuary)
  13 rats
209 creatures vanquished.

Notes
Turn   | Place    | Note
-------+----------+-------------------------------------------
     0 | D:1      | inc the Felid Transmuter began the quest for the Orb.
     0 | D:1      | Reached XP level 1. HP: 9/9 MP: 4/4
    17 | D:1      | Reached skill level 3 in Dodging
    41 | D:1      | Reached skill level 4 in Dodging
    41 | D:1      | Reached XP level 2. HP: 8/12 MP: 6/6
   504 | D:1      | Reached XP level 3. HP: 14/15 MP: 7/7
   801 | D:2      | Reached skill level 5 in Dodging
  1365 | D:2      | Reached XP level 4. HP: 16/19 MP: 8/8
  1677 | D:2      | Reached skill level 6 in Dodging
  1802 | D:2      | Found a faded altar of an unknown god.
  2207 | D:3      | Reached skill level 7 in Dodging
  2207 | D:3      | Reached XP level 5. HP: 17/22 MP: 9/9
  2879 | D:4      | Noticed Xelenos's ghost (novice OpCK)
  2965 | D:5      | Entered Level 5 of the Dungeon
  2997 | D:5      | Noticed jazmu's ghost (novice DsFE)
  3252 | D:4      | Found a staircase to the Ecumenical Temple.
  3262 | Temple   | Entered the Ecumenical Temple
  3371 | Temple   | Became a worshipper of Uskayaw the Reveler
  3463 | D:4      | Reached * piety under Uskayaw
  3465 | D:4      | Reached ** piety under Uskayaw
  3594 | D:4      | Gained mutation: You are covered in thick fur. (AC +2) [Felid growth]
  3594 | D:4      | Reached XP level 6. HP: 23/28 MP: 10/10
  3598 | D:4      | Reached *** piety under Uskayaw
  3604 | D:4      | Reached **** piety under Uskayaw
  4045 | D:4      | Reached XP level 7. HP: 26/33 MP: 9/11
  4231 | D:4      | Killed Xelenos's ghost
  4245 | D:4      | Noticed Menkaure
  4250 | D:4      | Killed Menkaure
  4391 | D:5      | Reached XP level 8. HP: 36/36 MP: 6/12
  4895 | D:5      | Killed jazmu's ghost
  5066 | D:5      | Found a shimmering altar of Xom.
  5069 | D:5      | Found a shattered altar of Ashenzari.
  5072 | D:5      | Found an opulent altar of Gozag.
  5508 | D:6      | Reached ***** piety under Uskayaw
  5662 | D:6      | Reached skill level 1 in Invocations
  5816 | D:6      | Slain by an orc warrior
  5817 | D:6      | Reached XP level 7. HP: -5/33 MP: 8/11
  6164 | D:6      | Reached XP level 8. HP: 36/36 MP: 12/12
  6167 | D:6      | Found an ancient bone altar of Kikubaaqudgha.
  6167 | D:6      | Found a snail-covered altar of Cheibriados.
  6395 | D:7      | Found a transporter.
  6398 | D:7      | Found a corrupted altar of Lugonu.
  6754 | D:7      | Reached skill level 5 in Invocations
  6806 | D:7      | Found a sand-covered staircase.
  6812 | Ossuary  | Entered an ossuary
  7938 | D:7      | Noticed a cyan ugly thing
  7938 | D:7      | Noticed a cyan ugly thing
  7940 | D:7      | Noticed a green ugly thing
  7962 | D:7      | Killed a purple ugly thing
  7962 | D:7      | Reached XP level 9. HP: 20/39 MP: 13/15
  7964 | D:7      | Killed a white ugly thing
  7965 | D:7      | Reached ****** piety under Uskayaw
  7967 | D:7      | Killed a green ugly thing
  8138 | D:7      | Noticed a large abomination
  8144 | D:7      | Demolished by a large abomination
  8145 | D:7      | Reached XP level 8. HP: -16/36 MP: 9/16
  8198 | D:8      | Noticed a two-headed ogre
  8198 | D:8      | Noticed Psyche
  8792 | D:8      | Reached XP level 9. HP: 33/39 MP: 15/17
  8810 | D:8      | Reached skill level 8 in Dodging
  9003 | D:9      | Noticed a green ugly thing
  9011 | D:9      | Killed a green ugly thing
  9011 | D:9      | Reached skill level 9 in Dodging
  9022 | D:9      | Found a sacrificial altar of Ru.
  9042 | D:9      | Found a bloodstained altar of Trog.
  9094 | D:9      | Noticed Gastronok
  9105 | D:9      | HP: 1/39 [Gastronok (17)]
  9491 | D:9      | Noticed a troll
  9502 | D:9      | Killed a troll
  9600 | D:9      | Reached skill level 10 in Dodging
  9626 | D:9      | Noticed a two-headed ogre
  9642 | D:9      | Reached skill level 1 in Stealth
  9835 | D:8      | Killed from afar by Psyche

Skill      XL: |  1  2  3  4  5  6  7  8  9 |
---------------+----------------------------+-----
Dodging        | 4 5 7 10 | 10.0
Fighting       | 3 4 |  4.4
Unarmed Combat | 4 7 9 |  9.1
Invocations    | 3 7 9 |  9.8
Stealth        | 1 |  1.4
Spellcasting   | |  2.0
Transmutations | |  2.1

Action                   |  1- 3 |  4- 6 |  7- 9 || total
-------------------------+-------+-------+-------++-------
Melee: Unarmed           |   132 |   124 |   315 ||   571
       Bite              |     9 |    14 |    26 ||    49
       Punch             |       |     1 |    11 ||    12
       Headbutt          |       |     1 |    19 ||    20
 Cast: Beastly Appendage |     1 |     3 |    22 ||    26
Invok: Line Pass         |       |       |    10 ||    10
  Use: Potion            |       |     2 |    12 ||    14
       Scroll            |       |       |    20 ||    20
 Stab: Sleeping          |     2 |     9 |     4 ||    15
       Paralysed         |       |     1 |    12 ||    13
       Confused          |       |       |     3 ||     3
  Eat: Chunk             |       |     5 |    10 ||    15
       Ration            |       |       |     2 ||     2
Armor: Skin              |     8 |     3 |     9 ||    20
Dodge: Dodged            |   129 |    81 |   241 ||   451
